AoeStats
← The Crusader

Socotra

504625160Analyzed
4v4 RM · 27d ago on Sep 6, 2026· 43m 8s· 8 players
Game mode
Random Map
Map size
148×148
Population
200
Speed
Normal
Resources
Standard
Victory
Conquest
Starting age
Dark Age
Ending age
Imperial Age
RankedLock teamsTeams togetherTeam positionsShared explorationLock speedFull tech treeHidden civsTurbo modeCheats
Victory
Defeat
🇲🇽 Vikings · Mexico
1586
+10
1537
+12
🇲🇽 Poles · Mexico
1490
+14
🇵🇪 Malians · Peru
1206
+25
🇺🇸 Wu · United States
1463
-16
🇺🇸 Turks · United States
1463
-16
🇦🇷 Chinese · Argentina
1442
-15
🇺🇸 Inca · United States
1409
-14
The Crusader
3:38 Loom
10:03 Feudal Age
14:29 Fletching
24:01 Castle Age
23:47 Padded Archer Armor
24:04 Crossbowman
25:49 Bodkin Arrow
31:59 Leather Archer Armor
thegoodjunk
5:39 Loom
9:10 Feudal Age
10:33 Double-Bit Axe
15:22 Scale Barding Armor
17:59 Horse Collar
22:13 Castle Age
20:29 Scale Mail Armor
21:06 Gold Mining
22:51 Wheelbarrow
23:12 Chain Mail Armor
24:14 Forging
24:54 Squires
26:25 Pikeman
29:27 Arson
johnnyboy
2:12 Loom
11:43 Feudal Age
13:14 Champi Runner
15:45 Horse Collar
18:40 Wheelbarrow
20:13 Scale Mail Armor
20:07 Fletching
29:33 Castle Age
27:52 Double-Bit Axe
32:10 Gold Mining
33:40 Town Watch
39:18 Imperial Age
| ArCas | El BrancaS
0:26 Loom
8:54 Feudal Age
9:31 Double-Bit Axe
15:11 Horse Collar
17:48 Scale Barding Armor
18:41 Forging
24:36 Castle Age
23:25 Bloodlines
24:03 Gold Mining
26:13 Chain Barding Armor
26:28 Iron Casting
26:58 Husbandry
28:39 Wheelbarrow
31:42 Stone Mining
32:03 Town Watch
32:34 Heavy Plow
32:45 Bow Saw
33:35 Bow Saw
37:45 Imperial Age
35:51 Fletching
36:02 Padded Archer Armor
36:57 Bodkin Arrow
38:16 Leather Archer Armor
38:09 Thumb Ring
38:28 Bracer
39:20 Ballistics
40:01 Chemistry
40:17 Ring Archer Armor
42:24 Two-Man Saw
42:15 Conscription
42:29 Elite Chu Ko Nu
ELEG | Huitzilopochtli
1:09 Loom
11:08 Feudal Age
15:37 Double-Bit Axe
15:33 Horse Collar
18:08 Fletching
20:24 Gold Mining
21:46 Padded Archer Armor
28:16 Castle Age
28:51 Bodkin Arrow
28:18 Crossbowman
30:36 Ballistics
31:38 Bow Saw
LicKawamas97
2:47 Loom
10:08 Feudal Age
10:35 Double-Bit Axe
18:36 Fletching
27:29 Castle Age
28:28 Forging
30:45 Scale Barding Armor
31:26 Bow Saw
31:27 Town Watch
32:49 Wheelbarrow
33:01 Bloodlines
32:40 Horse Collar
33:19 Husbandry
33:39 Bodkin Arrow
34:13 Szlachta Privileges
35:51 Chain Barding Armor
36:57 Iron Casting
40:37 Imperial Age
39:52 Heavy Plow
40:38 Cavalier
40:39 Light Cavalry
赤いドラゴン
7:05 Loom
9:42 Feudal Age
10:28 Double-Bit Axe
21:18 Castle Age
20:11 Horse Collar
21:13 Scale Barding Armor
21:34 Gold Mining
21:21 Light Cavalry
22:26 Chain Barding Armor
24:46 Forging
25:10 Bow Saw
27:12 Heavy Plow
30:35 Iron Casting
35:17 Imperial Age
33:06 Squires
32:53 Arson
35:22 Scale Mail Armor
36:02 Cavalier
37:04 Chain Mail Armor
37:21 Chieftains
36:54 Capped Ram
39:13 Blast Furnace
38:45 Plate Mail Armor
38:44 Elite Berserk
41:54 Blast Furnace
Equisde
6:12 Loom
9:09 Feudal Age
9:13 Man-at-Arms
10:02 Double-Bit Axe
10:52 Horse Collar
16:37 Town Watch
21:23 Castle Age
20:10 Fletching
20:47 Scale Mail Armor
22:29 Chain Mail Armor
23:02 Bow Saw
23:03 Squires
34:30 Imperial Age
35:47 Plate Mail Armor
38:49 Wheelbarrow
40:03 Scale Barding Armor
Connection lost

Rejoining the realm…

Still unreachable

The connection could not be restored.

Session expired

The server has moved on; the page needs a fresh start.